[ AOE2 MATCH · #489076032 ]
UnrankedJapanese vs Byzantines
[ REPLAY ANALYSIS · EXTRACTED FROM THE RECORDED GAME ]
Feudal
11:38
Castle
32:03
Imperial
46:21
| APM avg | 44.5 |
| APM peak | 89 |
| eAPM avg | 27.1 |
| Villagers / military | 142 / 89 |
Focus
⚔️ 36.1% · 🌾 63.9%
Cavalry Archer ×45 · Militia ×21 · Knight ×19 · Fishing Ship ×17 · Unknown (2626) ×7 · Transport Ship ×2
Feudal
12:55
Castle
16:27
Imperial
27:44
| APM avg | 60.7 |
| APM peak | 109 |
| eAPM avg | 39.5 |
| Villagers / military | 181 / 221 |
Focus
⚔️ 56.6% · 🌾 43.4%
Genoese Crossbowman ×188 · Unknown (882) ×67 · Fishing Ship ×19 · Bombard Cannon ×18 · Trebuchet (Packed) ×8 · Militia ×7
Feudal
14:31
Castle
18:06
Imperial
28:52
| APM avg | 53.0 |
| APM peak | 101 |
| eAPM avg | 26.6 |
| Villagers / military | 190 / 253 |
Focus
⚔️ 44.4% · 🌾 55.6%
Archer ×227 · Bombard Cannon ×18 · Fishing Ship ×11 · Trebuchet (Packed) ×3 · Fire Galley ×2 · Cavalry Archer ×2
Feudal
15:57
Castle
20:45
Imperial
45:44
| APM avg | 39.2 |
| APM peak | 82 |
| eAPM avg | 23.4 |
| Villagers / military | 143 / 105 |
Focus
⚔️ 28.6% · 🌾 71.4%
Mameluke ×47 · Galley ×22 · Fishing Ship ×15 · Archer ×10 · Unknown (2626) ×9 · Cannon Galleon ×8
Feudal
12:24
Castle
16:24
Imperial
45:20
| APM avg | 33.6 |
| APM peak | 60 |
| eAPM avg | 21.4 |
| Villagers / military | 174 / 135 |
Focus
⚔️ 29.7% · 🌾 70.3%
Eagle Scout ×74 · Jaguar Warrior ×20 · Monk ×16 · Fire Galley ×10 · Mangonel ×6 · Fishing Ship ×6
Feudal
11:52
Castle
26:21
Imperial
—
| APM avg | 34.2 |
| APM peak | 98 |
| eAPM avg | 14.5 |
| Villagers / military | 117 / 121 |
Focus
⚔️ 28.2% · 🌾 71.8%
Steppe Lancer ×90 · Camel Scout ×14 · Fishing Ship ×14 · Iron Pagoda ×10 · Scout Cavalry ×7
Match map
Initial resources + every placement click. Lines = walls · curves = elevation contours. ◆ gold · ⬟ stone · ● berries · ✦ relic · ◌ wall gap
Your base· Open — 2t gap
|FMG| TINCHO's base· Open — 9t gap
таҗик's base· Open — 7t gap
|FMG| Nadie's base· Open — unwalled flank
[Mushu] Elgo Lazo's base· Open — 6t gap
[Mushu] el pepe's base· Open — 4t gap
Smoothed initial terrain · ◌ = detected wall gap · hover for details
Inputs per minute
— FMG | GreatMaty - - |FMG| TINCHO
Build order — FMG | GreatMaty
First 150 of 498 actions detected
| 0:10 | Build | Town Center |
| 0:41 | Build | Dock |
| 2:17 | Build | House |
| 2:31 | Create | Villager (Male) |
| 2:31 | Create | Villager (Male) |
| 2:31 | Create | Villager (Male) |
| 2:31 | Create | Villager (Male) |
| 3:23 | Create | Villager (Male) |
| 3:33 | Build | House |
| 3:44 | Build | House |
| 3:52 | Build | House |
| 3:54 | Build | House |
| 4:26 | Create | Villager (Male) |
| 4:54 | Create | Villager (Male) |
| 4:54 | Create | Villager (Male) |
| 5:12 | Create | Fishing Ship |
| 5:31 | Build | House |
| 5:34 | Create | Villager (Male) |
| 5:34 | Create | Villager (Male) |
| 5:57 | Create | Villager (Male) |
| 6:18 | Create | Fishing Ship |
| 6:22 | Create | Villager (Male) |
| 6:27 | Build | House |
| 6:44 | Create | Villager (Male) |
| 6:44 | Create | Villager (Male) |
| 7:06 | Create | Villager (Male) |
| 7:13 | Create | Fishing Ship |
| 7:34 | Build | House |
| 7:37 | Create | Villager (Male) |
| 7:43 | Build | House |
| 7:48 | Build | House |
| 7:55 | Create | Villager (Male) |
| 8:09 | Build | House |
| 8:12 | Create | Fishing Ship |
| 8:29 | Create | Villager (Male) |
| 8:49 | Research | Loom |
| 8:50 | Build | Lumber Camp |
| 9:06 | Build | Mining Camp |
| 9:28 | Research | Feudal Age |
| 9:32 | Build | House |
| 9:49 | Build | House |
| 10:28 | Build | Barracks |
| 10:38 | Build | Outpost |
| 10:55 | Create | Villager (Male) |
| 11:00 | Build | Outpost |
| 11:02 | Create | Militia |
| 11:03 | Create | Militia |
| 11:11 | Build | Mining Camp |
| 11:16 | Build | Outpost |
| 11:29 | Create | Villager (Male) |
| 11:38 | Age | Feudal Age |
| 11:40 | Create | Militia |
| 11:50 | Build | Outpost |
| 12:10 | Research | Man-at-Arms (upgrade) |
| 12:10 | Create | Villager (Male) |
| 12:14 | Build | Watch Tower |
| 12:16 | Create | Militia |
| 12:17 | Create | Villager (Male) |
| 12:19 | Build | Outpost |
| 12:39 | Create | Villager (Male) |
| 13:04 | Build | Outpost |
| 13:29 | Create | Villager (Male) |
| 13:33 | Create | Militia |
| 13:45 | Create | Villager (Male) |
| 13:58 | Create | Villager (Male) |
| 14:06 | Build | House |
| 14:11 | Create | Villager (Male) |
| 14:20 | Build | House |
| 14:31 | Create | Militia |
| 14:46 | Build | Watch Tower |
| 14:59 | Build | Mill |
| 15:08 | Create | Villager (Male) |
| 15:22 | Create | Villager (Male) |
| 15:55 | Create | Villager (Male) |
| 15:58 | Build | Farm |
| 15:58 | Build | Farm |
| 15:58 | Build | Farm |
| 15:59 | Build | Farm |
| 15:59 | Build | Farm |
| 16:02 | Create | Fishing Ship |
| 16:03 | Create | Fishing Ship |
| 16:25 | Create | Villager (Male) |
| 16:47 | Build | Palisade Wall |
| 16:48 | Build | Palisade Wall |
| 16:53 | Build | Palisade Wall |
| 16:54 | Build | Palisade Wall |
| 17:13 | Create | Villager (Male) |
| 17:28 | Build | Palisade Wall |
| 17:29 | Research | Stone Mining |
| 17:31 | Build | Palisade Wall |
| 17:34 | Create | Villager (Male) |
| 17:38 | Create | Fishing Ship |
| 17:51 | Create | Villager (Male) |
| 18:10 | Create | Spearman |
| 18:17 | Create | Villager (Male) |
| 18:17 | Create | Villager (Male) |
| 18:24 | Build | Watch Tower |
| 18:26 | Create | Villager (Male) |
| 18:32 | Create | Militia |
| 19:01 | Create | Villager (Male) |
| 19:15 | Build | Blacksmith |
| 19:17 | Create | Villager (Male) |
| 19:17 | Create | Villager (Male) |
| 19:20 | Build | Palisade Wall |
| 19:34 | Build | House |
| 19:34 | Build | House |
| 19:36 | Create | Militia |
| 19:48 | Create | Fishing Ship |
| 20:02 | Build | House |
| 20:03 | Create | Villager (Male) |
| 20:20 | Build | Watch Tower |
| 20:31 | Research | Fletching |
| 21:11 | Create | Villager (Male) |
| 21:11 | Create | Villager (Male) |
| 21:34 | Create | Villager (Male) |
| 22:02 | Create | Villager (Male) |
| 22:15 | Build | Lumber Camp |
| 22:22 | Create | Villager (Male) |
| 22:50 | Build | Lumber Camp |
| 24:57 | Build | Town Center |
| 25:11 | Build | Lumber Camp |
| 25:28 | Build | Outpost |
| 25:29 | Build | Outpost |
| 25:29 | Build | Outpost |
| 26:44 | Create | Villager (Male) |
| 26:58 | Create | Villager (Male) |
| 27:01 | Build | House |
| 27:02 | Build | House |
| 27:03 | Build | House |
| 27:06 | Research | Double-Bit Axe |
| 27:11 | Build | Outpost |
| 27:12 | Build | Outpost |
| 27:33 | Build | Dock |
| 27:36 | Research | Wheelbarrow |
| 27:48 | Build | Market |
| 28:24 | Build | Market |
| 28:28 | Build | Stone Wall |
| 28:30 | Build | Stone Wall |
| 28:31 | Build | Stone Wall |
| 28:44 | Build | Blacksmith |
| 29:04 | Create | Fishing Ship |
| 29:04 | Create | Fishing Ship |
| 29:23 | Research | Castle Age |
| 29:28 | Build | House |
| 29:29 | Build | House |
| 30:02 | Create | Transport Ship |
| 30:07 | Create | Villager (Male) |
| 31:03 | Build | House |
| 31:04 | Build | House |
| 31:05 | Build | House |
Build order — |FMG| TINCHO
First 150 of 696 actions detected
| 0:09 | Build | Town Center |
| 2:28 | Create | Villager (Male) |
| 2:28 | Create | Villager (Male) |
| 2:31 | Build | House |
| 2:38 | Build | Dock |
| 2:41 | Create | Villager (Male) |
| 2:43 | Create | Villager (Male) |
| 3:35 | Create | Fishing Ship |
| 3:58 | Research | Loom |
| 3:58 | Research | Loom |
| 4:25 | Build | House |
| 4:44 | Create | Fishing Ship |
| 4:44 | Create | Fishing Ship |
| 4:50 | Build | Palisade Wall |
| 4:58 | Create | Villager (Male) |
| 4:58 | Create | Villager (Male) |
| 5:34 | Create | Villager (Male) |
| 5:36 | Create | Fishing Ship |
| 5:57 | Create | Villager (Male) |
| 5:58 | Create | Villager (Male) |
| 6:05 | Build | House |
| 6:22 | Create | Villager (Male) |
| 6:45 | Create | Villager (Male) |
| 6:45 | Create | Fishing Ship |
| 7:02 | Create | Villager (Male) |
| 7:02 | Create | Villager (Male) |
| 7:27 | Create | Villager (Male) |
| 7:27 | Create | Villager (Male) |
| 7:29 | Create | Fishing Ship |
| 7:34 | Build | House |
| 7:43 | Create | Villager (Male) |
| 7:43 | Create | Villager (Male) |
| 8:08 | Create | Villager (Male) |
| 8:10 | Create | Fishing Ship |
| 8:22 | Create | Villager (Male) |
| 8:47 | Create | Villager (Male) |
| 8:50 | Build | House |
| 9:05 | Create | Fishing Ship |
| 9:17 | Create | Villager (Male) |
| 9:55 | Create | Fishing Ship |
| 10:11 | Create | Villager (Male) |
| 10:15 | Build | Mining Camp |
| 10:45 | Research | Feudal Age |
| 10:45 | Research | Feudal Age |
| 11:06 | Build | House |
| 11:18 | Build | Mill |
| 12:09 | Create | Villager (Male) |
| 12:09 | Create | Villager (Male) |
| 12:55 | Age | Feudal Age |
| 12:57 | Build | Market |
| 13:01 | Build | Blacksmith |
| 13:27 | Build | House |
| 13:47 | Research | Castle Age |
| 14:19 | Build | Dock |
| 14:44 | Build | Lumber Camp |
| 15:08 | Create | Fishing Ship |
| 15:11 | Research | Tech 906 |
| 15:14 | Build | House |
| 16:12 | Research | Town Watch |
| 16:22 | Research | Double-Bit Axe |
| 16:22 | Research | Double-Bit Axe |
| 16:22 | Research | Double-Bit Axe |
| 16:22 | Research | Double-Bit Axe |
| 16:24 | Research | Gold Mining |
| 16:27 | Age | Castle Age |
| 16:29 | Build | Town Center |
| 16:33 | Research | Gillnets |
| 16:41 | Create | Villager (Male) |
| 16:48 | Create | Villager (Male) |
| 16:57 | Create | Villager (Male) |
| 17:12 | Create | Villager (Male) |
| 17:15 | Build | Town Center |
| 17:29 | Create | Villager (Male) |
| 17:54 | Create | Villager (Male) |
| 17:56 | Create | Villager (Male) |
| 18:07 | Create | Villager (Male) |
| 18:13 | Build | House |
| 18:18 | Create | Fishing Ship |
| 18:20 | Create | Fishing Ship |
| 18:30 | Create | Villager (Male) |
| 18:36 | Create | Villager (Male) |
| 18:38 | Research | Stone Mining |
| 18:38 | Create | Villager (Male) |
| 18:44 | Create | Villager (Male) |
| 18:56 | Build | Dock |
| 18:58 | Create | Villager (Male) |
| 19:04 | Create | Villager (Male) |
| 19:06 | Create | Villager (Male) |
| 19:09 | Create | Villager (Male) |
| 19:25 | Create | Villager (Male) |
| 19:37 | Create | Villager (Male) |
| 19:41 | Create | Villager (Male) |
| 19:47 | Create | Villager (Male) |
| 19:49 | Create | Villager (Male) |
| 19:55 | Create | Villager (Male) |
| 19:59 | Create | Villager (Male) |
| 20:03 | Create | Fishing Ship |
| 20:07 | Build | House |
| 20:14 | Create | Villager (Male) |
| 20:25 | Create | Villager (Male) |
| 20:35 | Create | Villager (Male) |
| 20:41 | Build | Town Center |
| 20:41 | Create | Villager (Male) |
| 20:49 | Create | Villager (Male) |
| 20:52 | Build | House |
| 20:53 | Build | House |
| 20:54 | Create | Villager (Male) |
| 20:56 | Research | Wheelbarrow |
| 20:57 | Research | Wheelbarrow |
| 20:59 | Create | Fishing Ship |
| 21:05 | Create | Villager (Male) |
| 21:10 | Create | Villager (Male) |
| 21:13 | Create | Villager (Male) |
| 21:21 | Create | Villager (Male) |
| 21:40 | Create | Villager (Male) |
| 21:41 | Create | Villager (Male) |
| 21:45 | Build | House |
| 21:46 | Build | House |
| 21:50 | Create | Fishing Ship |
| 21:52 | Create | Fishing Ship |
| 21:54 | Create | Villager (Male) |
| 22:11 | Build | Lumber Camp |
| 22:18 | Research | Bow Saw |
| 22:19 | Create | Villager (Male) |
| 22:21 | Build | House |
| 22:22 | Build | House |
| 22:22 | Build | House |
| 22:22 | Build | House |
| 22:23 | Create | Villager (Male) |
| 22:28 | Create | Villager (Male) |
| 22:36 | Create | Villager (Male) |
| 22:41 | Create | Fishing Ship |
| 22:43 | Create | Villager (Male) |
| 23:01 | Build | Dock |
| 23:02 | Create | Villager (Male) |
| 23:08 | Create | Trade Cart |
| 23:13 | Create | Villager (Male) |
| 23:20 | Create | Villager (Male) |
| 23:25 | Build | Castle |
| 23:29 | Create | Villager (Male) |
| 23:31 | Create | Villager (Male) |
| 23:36 | Create | Villager (Male) |
| 23:37 | Create | Villager (Male) |
| 23:38 | Create | Villager (Male) |
| 23:41 | Create | Villager (Male) |
| 23:52 | Create | Villager (Male) |
| 23:58 | Create | Villager (Male) |
| 24:01 | Create | Villager (Male) |
| 24:05 | Create | Villager (Male) |
| 24:06 | Create | Fishing Ship |
Build order — таҗик
First 150 of 599 actions detected
| 0:06 | Build | Town Center |
| 0:38 | Build | Dock |
| 0:45 | Build | House |
| 0:47 | Build | Palisade Wall |
| 2:27 | Create | Villager (Male) |
| 2:27 | Create | Villager (Male) |
| 2:28 | Create | Villager (Male) |
| 2:28 | Create | Villager (Male) |
| 2:28 | Create | Villager (Male) |
| 3:39 | Create | Fishing Ship |
| 3:39 | Create | Fishing Ship |
| 3:55 | Create | Villager (Male) |
| 3:56 | Create | Villager (Male) |
| 4:24 | Create | Villager (Male) |
| 4:25 | Create | Villager (Male) |
| 4:39 | Build | House |
| 4:53 | Create | Villager (Male) |
| 4:54 | Create | Villager (Male) |
| 5:01 | Research | Loom |
| 5:24 | Create | Villager (Male) |
| 5:24 | Create | Villager (Male) |
| 5:50 | Create | Villager (Male) |
| 5:51 | Create | Villager (Male) |
| 6:13 | Create | Villager (Male) |
| 6:13 | Create | Villager (Male) |
| 6:17 | Create | Fishing Ship |
| 6:17 | Create | Fishing Ship |
| 6:47 | Create | Villager (Male) |
| 6:48 | Create | Villager (Male) |
| 6:55 | Create | Fishing Ship |
| 7:09 | Build | House |
| 7:20 | Create | Villager (Male) |
| 7:21 | Create | Villager (Male) |
| 7:37 | Create | Villager (Male) |
| 7:42 | Create | Fishing Ship |
| 8:01 | Build | House |
| 8:11 | Create | Villager (Male) |
| 8:12 | Create | Villager (Male) |
| 8:26 | Create | Villager (Male) |
| 8:27 | Create | Villager (Male) |
| 8:30 | Build | Palisade Wall |
| 8:34 | Build | Palisade Wall |
| 8:53 | Build | Palisade Wall |
| 8:58 | Build | Palisade Wall |
| 9:01 | Build | Palisade Wall |
| 9:04 | Build | Palisade Wall |
| 9:18 | Create | Villager (Male) |
| 9:27 | Create | Villager (Male) |
| 9:31 | Create | Fishing Ship |
| 9:32 | Build | House |
| 9:37 | Create | Villager (Male) |
| 9:48 | Create | Villager (Male) |
| 9:54 | Create | Fishing Ship |
| 10:24 | Create | Villager (Male) |
| 10:27 | Create | Fishing Ship |
| 10:27 | Create | Fishing Ship |
| 10:46 | Create | Villager (Male) |
| 11:05 | Build | Lumber Camp |
| 11:09 | Create | Villager (Male) |
| 11:25 | Create | Villager (Male) |
| 12:00 | Create | Villager (Male) |
| 12:06 | Build | House |
| 12:21 | Research | Feudal Age |
| 12:27 | Build | Mining Camp |
| 12:34 | Build | Palisade Wall |
| 12:37 | Build | Palisade Wall |
| 13:10 | Create | Villager (Male) |
| 13:27 | Build | Barracks |
| 13:44 | Create | Villager (Male) |
| 13:44 | Create | Villager (Male) |
| 14:31 | Age | Feudal Age |
| 14:32 | Build | Archery Range |
| 14:52 | Build | Blacksmith |
| 15:13 | Build | House |
| 15:26 | Research | Castle Age |
| 15:26 | Research | Castle Age |
| 15:39 | Create | Spearman |
| 15:44 | Create | Archer |
| 15:56 | Create | Fishing Ship |
| 15:58 | Create | Villager (Male) |
| 16:01 | Build | Palisade Wall |
| 16:16 | Research | Scale Mail Armor |
| 16:18 | Create | Archer |
| 16:18 | Create | Archer |
| 16:39 | Research | Fletching |
| 16:44 | Research | Double-Bit Axe |
| 17:08 | Build | Palisade Wall |
| 17:11 | Create | Archer |
| 17:13 | Create | Archer |
| 17:14 | Create | Villager (Male) |
| 17:19 | Build | House |
| 17:37 | Build | House |
| 17:39 | Research | Gold Mining |
| 17:59 | Build | Mill |
| 18:01 | Create | Villager (Male) |
| 18:06 | Age | Castle Age |
| 18:27 | Create | Villager (Male) |
| 18:34 | Build | House |
| 18:35 | Create | Villager (Male) |
| 18:49 | Create | Archer |
| 19:20 | Create | Villager (Male) |
| 19:26 | Build | Farm |
| 19:26 | Build | Farm |
| 19:27 | Build | Farm |
| 19:27 | Build | Farm |
| 19:35 | Research | Crossbowman (upgrade) |
| 19:39 | Create | Archer |
| 19:40 | Create | Archer |
| 19:46 | Build | House |
| 19:48 | Create | Villager (Male) |
| 20:02 | Create | Villager (Male) |
| 20:02 | Create | Villager (Male) |
| 20:07 | Build | Town Center |
| 20:12 | Create | Villager (Male) |
| 20:18 | Create | Archer |
| 20:23 | Build | Palisade Wall |
| 20:59 | Create | Villager (Male) |
| 21:02 | Research | Bodkin Arrow |
| 21:18 | Create | Villager (Male) |
| 21:24 | Create | Archer |
| 21:36 | Create | Villager (Male) |
| 22:03 | Create | Villager (Male) |
| 22:03 | Create | Villager (Male) |
| 22:08 | Build | Palisade Wall |
| 22:21 | Create | Villager (Male) |
| 22:41 | Build | Market |
| 22:46 | Create | Villager (Male) |
| 22:49 | Create | Archer |
| 23:15 | Create | Villager (Male) |
| 23:32 | Create | Villager (Male) |
| 23:32 | Create | Villager (Male) |
| 23:35 | Create | Villager (Male) |
| 23:37 | Build | Mining Camp |
| 23:46 | Create | Archer |
| 23:49 | Create | Villager (Male) |
| 23:49 | Create | Villager (Male) |
| 23:57 | Build | House |
| 24:36 | Build | Monastery |
| 24:44 | Create | Villager (Male) |
| 25:03 | Build | University |
| 25:12 | Create | Archer |
| 25:17 | Create | Villager (Male) |
| 25:18 | Create | Villager (Male) |
| 25:24 | Build | Gate |
| 25:37 | Research | Imperial Age |
| 25:37 | Research | Imperial Age |
| 25:38 | Create | Archer |
| 25:43 | Build | Archery Range |
| 25:45 | Create | Villager (Male) |
| 25:46 | Create | Villager (Male) |
Build order — |FMG| Nadie
First 150 of 498 actions detected
| 0:30 | Build | Town Center |
| 1:19 | Build | Dock |
| 1:21 | Build | House |
| 2:41 | Create | Villager (Male) |
| 2:41 | Create | Villager (Male) |
| 2:42 | Create | Villager (Male) |
| 2:42 | Create | Villager (Male) |
| 2:42 | Create | Villager (Male) |
| 3:41 | Create | Fishing Ship |
| 4:15 | Build | House |
| 4:19 | Create | Villager (Male) |
| 4:52 | Create | Villager (Male) |
| 5:15 | Create | Villager (Male) |
| 5:27 | Create | Fishing Ship |
| 5:27 | Create | Fishing Ship |
| 5:41 | Create | Villager (Male) |
| 6:02 | Create | Villager (Male) |
| 6:08 | Build | House |
| 6:18 | Create | Fishing Ship |
| 6:31 | Create | Villager (Male) |
| 6:35 | Research | Loom |
| 6:37 | Create | Villager (Male) |
| 6:54 | Create | Fishing Ship |
| 7:08 | Create | Villager (Male) |
| 7:09 | Create | Villager (Male) |
| 7:32 | Create | Fishing Ship |
| 7:40 | Build | House |
| 7:54 | Build | Outpost |
| 7:59 | Create | Villager (Male) |
| 7:59 | Create | Villager (Male) |
| 8:13 | Build | House |
| 8:19 | Create | Villager (Male) |
| 9:02 | Build | House |
| 9:03 | Create | Villager (Male) |
| 9:04 | Create | Fishing Ship |
| 9:12 | Create | Fishing Ship |
| 9:33 | Create | Villager (Male) |
| 9:41 | Build | Mill |
| 10:12 | Create | Villager (Male) |
| 10:13 | Create | Villager (Male) |
| 10:14 | Build | Mill |
| 10:33 | Build | Mill |
| 10:42 | Create | Villager (Male) |
| 10:53 | Create | Villager (Male) |
| 10:56 | Build | House |
| 10:58 | Create | Fishing Ship |
| 11:39 | Build | House |
| 11:53 | Create | Fishing Ship |
| 11:54 | Create | Villager (Male) |
| 12:10 | Build | Mining Camp |
| 12:21 | Build | Dock |
| 12:22 | Create | Villager (Male) |
| 12:47 | Create | Villager (Male) |
| 13:18 | Create | Villager (Male) |
| 13:43 | Build | Barracks |
| 13:47 | Research | Feudal Age |
| 14:02 | Build | Lumber Camp |
| 14:31 | Create | Villager (Male) |
| 14:38 | Build | Outpost |
| 14:42 | Create | Villager (Male) |
| 14:53 | Create | Villager (Male) |
| 15:13 | Build | Outpost |
| 15:33 | Build | Outpost |
| 15:57 | Age | Feudal Age |
| 15:58 | Build | Outpost |
| 16:02 | Build | Archery Range |
| 16:07 | Create | Villager (Male) |
| 16:10 | Build | Blacksmith |
| 16:17 | Create | Spearman |
| 16:32 | Build | Watch Tower |
| 16:38 | Build | Outpost |
| 16:48 | Create | Archer |
| 16:48 | Create | Archer |
| 16:49 | Create | Archer |
| 17:00 | Build | House |
| 17:09 | Build | Outpost |
| 17:13 | Create | Archer |
| 17:27 | Build | House |
| 17:29 | Build | House |
| 17:32 | Research | Fletching |
| 17:37 | Build | House |
| 17:53 | Build | Outpost |
| 18:03 | Create | Archer |
| 18:05 | Research | Castle Age |
| 18:12 | Build | Outpost |
| 18:14 | Build | House |
| 18:31 | Build | Outpost |
| 18:53 | Create | Archer |
| 18:59 | Build | Dock |
| 19:01 | Research | Tech 906 |
| 19:28 | Create | Archer |
| 19:30 | Create | Spearman |
| 19:32 | Create | Villager (Male) |
| 19:44 | Create | Archer |
| 19:49 | Research | Double-Bit Axe |
| 19:58 | Create | Fishing Ship |
| 20:01 | Create | Fishing Ship |
| 20:28 | Research | Fletching |
| 20:40 | Create | Villager (Male) |
| 20:45 | Age | Castle Age |
| 20:54 | Create | Villager (Male) |
| 21:22 | Research | Crossbowman (upgrade) |
| 21:28 | Build | Castle |
| 21:37 | Create | Villager (Male) |
| 21:43 | Create | Archer |
| 21:53 | Create | Fishing Ship |
| 21:55 | Create | Galley |
| 21:56 | Create | Galley |
| 21:56 | Create | Galley |
| 22:04 | Create | Archer |
| 22:28 | Create | Villager (Male) |
| 22:47 | Create | Mameluke |
| 22:48 | Create | Mameluke |
| 22:49 | Create | Villager (Male) |
| 23:02 | Research | War Galley (upgrade) |
| 23:03 | Create | Galley |
| 23:16 | Create | Villager (Male) |
| 23:21 | Create | Mameluke |
| 23:24 | Create | Villager (Male) |
| 23:43 | Create | Villager (Male) |
| 23:45 | Build | Watch Tower |
| 23:54 | Build | Outpost |
| 23:57 | Create | Villager (Male) |
| 23:59 | Create | Mameluke |
| 24:00 | Create | Villager (Male) |
| 24:01 | Create | Villager (Male) |
| 24:09 | Create | Fishing Ship |
| 24:09 | Create | Fishing Ship |
| 24:11 | Create | Villager (Male) |
| 24:13 | Create | Mameluke |
| 25:03 | Create | Villager (Male) |
| 25:08 | Create | Villager (Male) |
| 25:14 | Create | Mameluke |
| 25:29 | Build | Watch Tower |
| 25:36 | Create | Villager (Male) |
| 25:54 | Create | Mameluke |
| 26:24 | Build | Lumber Camp |
| 26:26 | Create | Villager (Male) |
| 27:12 | Create | Villager (Male) |
| 27:22 | Create | Mameluke |
| 27:22 | Create | Mameluke |
| 27:28 | Create | Villager (Male) |
| 27:34 | Build | Market |
| 27:57 | Create | Mameluke |
| 28:16 | Create | Mameluke |
| 28:16 | Create | Mameluke |
| 28:16 | Create | Mameluke |
| 28:17 | Research | Bow Saw |
| 28:32 | Build | Siege Workshop |
| 28:35 | Create | Mameluke |
Build order — [Mushu] Elgo Lazo
First 150 of 509 actions detected
| 0:02 | Build | Town Center |
| 0:56 | Build | Dock |
| 0:58 | Build | House |
| 2:24 | Create | Villager (Male) |
| 2:24 | Create | Villager (Male) |
| 2:24 | Create | Villager (Male) |
| 2:24 | Create | Villager (Male) |
| 2:25 | Create | Villager (Male) |
| 3:38 | Create | Fishing Ship |
| 4:01 | Create | Villager (Male) |
| 4:01 | Create | Villager (Male) |
| 4:07 | Build | House |
| 4:31 | Create | Villager (Male) |
| 4:31 | Create | Villager (Male) |
| 4:31 | Research | Loom |
| 5:01 | Create | Villager (Male) |
| 5:24 | Create | Villager (Male) |
| 5:25 | Create | Villager (Male) |
| 5:29 | Build | House |
| 5:41 | Create | Fishing Ship |
| 5:51 | Create | Villager (Male) |
| 5:52 | Create | Villager (Male) |
| 6:13 | Create | Fishing Ship |
| 6:21 | Create | Villager (Male) |
| 6:42 | Create | Villager (Male) |
| 7:04 | Create | Villager (Male) |
| 7:04 | Create | Villager (Male) |
| 7:07 | Create | Fishing Ship |
| 7:14 | Build | House |
| 7:20 | Build | House |
| 7:21 | Build | House |
| 7:37 | Build | House |
| 7:39 | Create | Villager (Male) |
| 7:49 | Build | House |
| 7:54 | Create | Villager (Male) |
| 7:58 | Build | House |
| 8:08 | Create | Villager (Male) |
| 8:11 | Create | Fishing Ship |
| 8:46 | Create | Villager (Male) |
| 8:50 | Build | House |
| 8:55 | Create | Fishing Ship |
| 9:05 | Build | Mining Camp |
| 9:07 | Create | Villager (Male) |
| 9:37 | Create | Villager (Male) |
| 9:53 | Build | House |
| 10:14 | Research | Feudal Age |
| 10:17 | Build | House |
| 10:37 | Build | House |
| 10:44 | Build | Mill |
| 11:10 | Build | House |
| 11:52 | Create | Villager (Male) |
| 11:52 | Create | Villager (Male) |
| 12:24 | Age | Feudal Age |
| 12:26 | Build | Blacksmith |
| 12:35 | Build | Market |
| 12:47 | Build | Palisade Wall |
| 12:53 | Research | Loom |
| 13:44 | Research | Castle Age |
| 13:53 | Build | Palisade Wall |
| 13:55 | Build | Palisade Wall |
| 13:56 | Build | Palisade Wall |
| 13:58 | Build | Palisade Wall |
| 14:00 | Build | Palisade Wall |
| 15:21 | Build | Lumber Camp |
| 15:45 | Research | Double-Bit Axe |
| 16:00 | Create | Villager (Male) |
| 16:09 | Build | House |
| 16:10 | Build | Palisade Wall |
| 16:14 | Build | Palisade Wall |
| 16:24 | Age | Castle Age |
| 16:25 | Build | Siege Workshop |
| 16:28 | Build | Monastery |
| 16:35 | Create | Villager (Male) |
| 16:47 | Build | House |
| 17:06 | Create | Mangonel |
| 17:11 | Create | Monk |
| 17:18 | Create | Villager (Male) |
| 17:20 | Create | Villager (Male) |
| 17:28 | Research | Tech 906 |
| 17:41 | Create | Mangonel |
| 17:42 | Create | Villager (Male) |
| 17:55 | Create | Villager (Male) |
| 18:08 | Create | Monk |
| 18:10 | Create | Villager (Male) |
| 18:35 | Research | Sanctity |
| 18:35 | Research | Sanctity |
| 18:39 | Create | Villager (Male) |
| 18:43 | Build | Barracks |
| 18:49 | Build | Barracks |
| 19:18 | Create | Villager (Male) |
| 19:26 | Create | Mangonel |
| 19:44 | Build | Barracks |
| 19:56 | Create | Villager (Male) |
| 19:59 | Build | Town Center |
| 20:00 | Build | House |
| 20:03 | Create | Villager (Male) |
| 20:32 | Create | Villager (Male) |
| 20:40 | Create | Spearman |
| 20:40 | Create | Spearman |
| 20:43 | Create | Villager (Male) |
| 21:00 | Create | Mangonel |
| 21:14 | Create | Villager (Male) |
| 21:21 | Create | Villager (Male) |
| 21:31 | Create | Villager (Male) |
| 21:44 | Create | Spearman |
| 21:45 | Create | Villager (Male) |
| 21:54 | Create | Spearman |
| 22:03 | Create | Villager (Male) |
| 22:06 | Build | Barracks |
| 22:13 | Research | Eagle Warrior (upgrade) |
| 22:13 | Create | Eagle Scout |
| 22:13 | Create | Eagle Scout |
| 22:28 | Build | House |
| 22:30 | Build | Farm |
| 22:30 | Build | Farm |
| 22:31 | Build | Farm |
| 22:57 | Create | Villager (Male) |
| 23:06 | Create | Eagle Scout |
| 23:07 | Create | Eagle Scout |
| 23:07 | Create | Eagle Scout |
| 23:30 | Create | Villager (Male) |
| 23:38 | Research | Redemption |
| 23:39 | Build | House |
| 23:41 | Build | House |
| 23:52 | Create | Monk |
| 23:54 | Build | Monastery |
| 24:02 | Build | House |
| 24:03 | Create | Villager (Male) |
| 24:03 | Create | Villager (Male) |
| 24:06 | Create | Eagle Scout |
| 24:06 | Create | Eagle Scout |
| 24:32 | Create | Spearman |
| 24:39 | Create | Monk |
| 24:55 | Create | Villager (Male) |
| 25:03 | Create | Monk |
| 25:06 | Create | Eagle Scout |
| 25:06 | Create | Eagle Scout |
| 25:14 | Create | Villager (Male) |
| 25:15 | Create | Villager (Male) |
| 25:17 | Build | Farm |
| 25:17 | Build | Farm |
| 25:17 | Build | Farm |
| 25:18 | Build | Farm |
| 25:18 | Build | Farm |
| 25:21 | Create | Villager (Male) |
| 25:47 | Create | Villager (Male) |
| 25:48 | Create | Mangonel |
| 26:12 | Create | Villager (Male) |
| 26:24 | Create | Villager (Male) |
| 26:37 | Create | Mangonel |
Build order — [Mushu] el pepe
First 150 of 330 actions detected
| 0:08 | Build | Town Center |
| 1:07 | Build | Dock |
| 1:08 | Build | House |
| 2:30 | Create | Villager (Male) |
| 2:31 | Create | Villager (Male) |
| 2:31 | Create | Villager (Male) |
| 2:37 | Create | Villager (Male) |
| 2:37 | Create | Villager (Male) |
| 3:35 | Create | Fishing Ship |
| 3:35 | Create | Fishing Ship |
| 3:56 | Build | House |
| 4:14 | Research | Loom |
| 4:29 | Create | Villager (Male) |
| 4:29 | Create | Villager (Male) |
| 5:03 | Create | Villager (Male) |
| 5:11 | Create | Fishing Ship |
| 5:12 | Create | Fishing Ship |
| 5:29 | Create | Villager (Male) |
| 5:48 | Build | House |
| 6:00 | Create | Villager (Male) |
| 6:22 | Create | Fishing Ship |
| 6:25 | Create | Villager (Male) |
| 6:25 | Create | Villager (Male) |
| 6:55 | Create | Villager (Male) |
| 6:55 | Create | Villager (Male) |
| 7:04 | Create | Villager (Male) |
| 7:04 | Create | Villager (Male) |
| 7:13 | Create | Fishing Ship |
| 7:28 | Create | Villager (Male) |
| 7:28 | Create | Villager (Male) |
| 7:34 | Build | House |
| 7:46 | Create | Villager (Male) |
| 8:22 | Create | Villager (Male) |
| 8:55 | Build | Lumber Camp |
| 9:17 | Create | Villager (Male) |
| 9:40 | Research | Feudal Age |
| 9:41 | Research | Feudal Age |
| 9:51 | Create | Fishing Ship |
| 9:58 | Build | House |
| 10:01 | Build | House |
| 10:53 | Build | Barracks |
| 11:13 | Create | Villager (Male) |
| 11:15 | Create | Villager (Male) |
| 11:52 | Age | Feudal Age |
| 11:53 | Build | Stable |
| 12:27 | Build | Watch Tower |
| 12:36 | Create | Scout Cavalry |
| 12:36 | Create | Scout Cavalry |
| 12:39 | Create | Villager (Male) |
| 13:12 | Create | Scout Cavalry |
| 13:12 | Create | Scout Cavalry |
| 13:13 | Create | Villager (Male) |
| 13:14 | Create | Villager (Male) |
| 14:05 | Create | Villager (Male) |
| 14:23 | Build | House |
| 14:28 | Create | Villager (Male) |
| 15:03 | Create | Scout Cavalry |
| 15:03 | Create | Scout Cavalry |
| 15:27 | Create | Villager (Male) |
| 16:01 | Create | Villager (Male) |
| 16:01 | Create | Villager (Male) |
| 16:09 | Build | Blacksmith |
| 16:15 | Build | Mill |
| 16:29 | Create | Villager (Male) |
| 16:51 | Create | Villager (Male) |
| 16:51 | Create | Villager (Male) |
| 17:25 | Create | Villager (Male) |
| 17:35 | Build | Mill |
| 18:14 | Create | Villager (Male) |
| 18:15 | Create | Villager (Male) |
| 19:06 | Create | Villager (Male) |
| 19:12 | Build | Dock |
| 19:30 | Create | Villager (Male) |
| 19:32 | Research | Tech 906 |
| 19:34 | Create | Fishing Ship |
| 19:34 | Create | Fishing Ship ×2 |
| 19:53 | Create | Villager (Male) |
| 20:13 | Build | Mill |
| 20:16 | Create | Villager (Male) |
| 20:22 | Build | House |
| 20:23 | Build | House |
| 20:23 | Build | House |
| 20:23 | Build | House |
| 20:29 | Create | Fishing Ship |
| 20:43 | Create | Villager (Male) |
| 21:01 | Create | Villager (Male) |
| 21:08 | Build | Mining Camp |
| 21:09 | Create | Villager (Male) |
| 21:40 | Research | Wheelbarrow |
| 21:53 | Create | Villager (Male) |
| 22:00 | Create | Villager (Male) |
| 22:03 | Create | Fishing Ship |
| 22:03 | Create | Fishing Ship |
| 22:47 | Create | Fishing Ship |
| 23:20 | Build | Stable |
| 23:23 | Research | Scale Barding Armor |
| 23:23 | Research | Forging |
| 23:33 | Create | Villager (Male) |
| 23:41 | Research | Castle Age |
| 24:24 | Research | Double-Bit Axe |
| 24:56 | Build | Stable |
| 25:02 | Research | Scale Barding Armor |
| 25:02 | Research | Forging |
| 25:53 | Create | Villager (Male) |
| 25:53 | Create | Villager (Male) |
| 25:54 | Create | Villager (Male) |
| 26:02 | Build | Mining Camp |
| 26:21 | Age | Castle Age |
| 26:21 | Research | Chain Barding Armor |
| 26:25 | Research | Husbandry |
| 26:26 | Create | Steppe Lancer ×5 |
| 26:48 | Create | Steppe Lancer |
| 26:48 | Create | Steppe Lancer |
| 26:48 | Create | Steppe Lancer |
| 27:17 | Create | Steppe Lancer ×3 |
| 27:17 | Create | Steppe Lancer ×3 |
| 27:26 | Build | House |
| 27:26 | Build | House |
| 27:27 | Build | House |
| 27:35 | Create | Villager (Male) |
| 27:35 | Create | Villager (Male) |
| 27:49 | Build | House |
| 27:49 | Build | House |
| 27:50 | Build | House |
| 27:50 | Build | House |
| 27:50 | Build | House |
| 28:06 | Create | Scout Cavalry |
| 28:10 | Create | Steppe Lancer ×2 |
| 28:10 | Create | Steppe Lancer ×2 |
| 28:37 | Create | Villager (Male) |
| 28:38 | Create | Villager (Male) |
| 28:59 | Create | Villager (Male) |
| 29:23 | Build | Pasture |
| 29:23 | Build | Pasture |
| 29:23 | Build | Pasture |
| 29:23 | Build | Pasture |
| 29:24 | Build | Pasture |
| 29:24 | Build | Pasture |
| 29:24 | Build | Pasture |
| 29:33 | Create | Villager (Male) |
| 30:02 | Create | Villager (Male) |
| 30:23 | Research | Iron Casting |
| 30:23 | Research | Iron Casting |
| 30:29 | Build | Mill |
| 30:33 | Build | Pasture |
| 30:33 | Build | Pasture |
| 30:33 | Build | Pasture |
| 30:33 | Build | Pasture |
| 30:34 | Build | Pasture |
| 30:34 | Build | Pasture |
Match timeline
| 0:38 | таҗик · first_building Dock |
| 0:41 | FMG | GreatMaty · first_building Dock |
| 0:47 | таҗик · wall_segment Palisade Wall x1 |
| 0:56 | [Mushu] Elgo Lazo · first_building Dock |
| 1:07 | [Mushu] el pepe · first_building Dock |
| 1:19 | |FMG| Nadie · first_building Dock |
| 2:38 | |FMG| TINCHO · first_building Dock |
| 4:50 | |FMG| TINCHO · wall_segment Palisade Wall x1 |
| 8:30 | таҗик · wall_segment Palisade Wall x1 |
| 8:34 | таҗик · wall_segment Palisade Wall x1 |
| 8:53 | таҗик · wall_segment Palisade Wall x1 |
| 8:58 | таҗик · wall_segment Palisade Wall x1 |
| 9:01 | таҗик · wall_segment Palisade Wall x1 |
| 9:04 | таҗик · wall_segment Palisade Wall x1 |
| 10:28 | FMG | GreatMaty · first_building Barracks |
| 10:53 | [Mushu] el pepe · first_building Barracks |
| 11:38 | FMG | GreatMaty · age_up feudal |
| 11:52 | [Mushu] el pepe · age_up feudal |
| 11:53 | [Mushu] el pepe · first_building Stable |
| 12:24 | [Mushu] Elgo Lazo · age_up feudal |
| 12:34 | таҗик · wall_segment Palisade Wall x1 |
| 12:37 | таҗик · wall_segment Palisade Wall x1 |
| 12:47 | [Mushu] Elgo Lazo · wall_segment Palisade Wall x6 |
| 12:55 | |FMG| TINCHO · age_up feudal |
| 13:27 | таҗик · first_building Barracks |
| 13:43 | |FMG| Nadie · first_building Barracks |
| 13:53 | [Mushu] Elgo Lazo · wall_segment Palisade Wall x1 |
| 13:55 | [Mushu] Elgo Lazo · wall_segment Palisade Wall x1 |
| 13:56 | [Mushu] Elgo Lazo · wall_segment Palisade Wall x1 |
| 13:58 | [Mushu] Elgo Lazo · wall_segment Palisade Wall x1 |
| 14:00 | [Mushu] Elgo Lazo · wall_segment Palisade Wall x1 |
| 14:31 | таҗик · age_up feudal |
| 14:32 | таҗик · first_building Archery Range |
| 15:57 | |FMG| Nadie · age_up feudal |
| 16:01 | таҗик · wall_segment Palisade Wall x7 |
| 16:02 | |FMG| Nadie · first_building Archery Range |
| 16:10 | [Mushu] Elgo Lazo · wall_segment Palisade Wall x5 |
| 16:14 | [Mushu] Elgo Lazo · wall_segment Palisade Wall x6 |
| 16:24 | [Mushu] Elgo Lazo · age_up castle |
| 16:25 | [Mushu] Elgo Lazo · first_building Siege Workshop |
| 16:27 | |FMG| TINCHO · age_up castle |
| 16:28 | [Mushu] Elgo Lazo · first_building Monastery |
| 16:47 | FMG | GreatMaty · wall_segment Palisade Wall x1 |
| 16:48 | FMG | GreatMaty · wall_segment Palisade Wall x1 |
| 16:53 | FMG | GreatMaty · wall_segment Palisade Wall x1 |
| 16:54 | FMG | GreatMaty · wall_segment Palisade Wall x1 |
| 17:05 | [Mushu] Elgo Lazo · first_market_buy 100 wood |
| 17:08 | таҗик · wall_segment Palisade Wall x7 |
| 17:12 | |FMG| TINCHO · first_market_buy 100 wood |
| 17:28 | FMG | GreatMaty · wall_segment Palisade Wall x1 |
| 17:31 | [Mushu] Elgo Lazo · first_market_sell 100 food |
| 17:31 | FMG | GreatMaty · wall_segment Palisade Wall x1 |
| 18:06 | таҗик · age_up castle |
| 18:43 | [Mushu] Elgo Lazo · first_building Barracks |
| 19:20 | FMG | GreatMaty · wall_segment Palisade Wall x1 |
| 20:23 | таҗик · wall_segment Palisade Wall x1 |
| 20:45 | |FMG| Nadie · age_up castle |
| 21:28 | |FMG| Nadie · first_building Castle |
| 22:08 | таҗик · wall_segment Palisade Wall x3 |
| 23:25 | |FMG| TINCHO · first_building Castle |
| 24:06 | таҗик · first_market_buy 500 food |
| 24:28 | |FMG| TINCHO · first_market_sell 100 wood |
| 24:34 | |FMG| TINCHO · first_building Barracks |
| 24:36 | таҗик · first_building Monastery |
| 24:59 | таҗик · first_market_sell 100 food |
| 26:21 | [Mushu] el pepe · age_up castle |
| 27:44 | |FMG| TINCHO · age_up imperial |
| 28:14 | |FMG| Nadie · first_market_sell 100 food |
| 28:22 | |FMG| Nadie · first_market_buy 100 wood |
| 28:28 | FMG | GreatMaty · wall_segment Stone Wall x1 |
| 28:30 | FMG | GreatMaty · wall_segment Stone Wall x1 |
| 28:31 | таҗик · first_building Castle |
| 28:31 | FMG | GreatMaty · wall_segment Stone Wall x1 |
| 28:32 | |FMG| Nadie · first_building Siege Workshop |
| 28:52 | таҗик · age_up imperial |
| 29:06 | FMG | GreatMaty · first_market_buy 100 food |
| 29:07 | FMG | GreatMaty · first_market_sell 100 wood |
| 30:22 | таҗик · wall_segment Stone Wall x10 |
| 30:27 | таҗик · wall_segment Stone Wall x24 |
| 31:52 | [Mushu] Elgo Lazo · first_building Castle |
| 32:03 | FMG | GreatMaty · age_up castle |
| 33:18 | [Mushu] el pepe · first_market_buy 100 food |
| 34:16 | [Mushu] el pepe · first_market_sell 500 stone |
| 34:43 | таҗик · wall_segment Stone Wall x13 |
| 35:17 | FMG | GreatMaty · tribute_sent a jugador 1 |
| 35:17 | FMG | GreatMaty · tribute_sent a jugador 2 |
| 35:17 | FMG | GreatMaty · tribute_sent a jugador 3 |
| 35:17 | FMG | GreatMaty · tribute_sent a jugador 4 |
| 35:17 | FMG | GreatMaty · tribute_sent a jugador 6 |
| 35:23 | |FMG| TINCHO · tribute_sent a jugador 2 |
| 35:23 | |FMG| TINCHO · tribute_sent a jugador 3 |
| 35:23 | |FMG| TINCHO · tribute_sent a jugador 4 |
| 35:23 | |FMG| TINCHO · tribute_sent a jugador 5 |
| 35:23 | |FMG| TINCHO · tribute_sent a jugador 6 |
| 37:13 | |FMG| TINCHO · first_building Siege Workshop |
| 39:29 | таҗик · first_building Siege Workshop |
| 39:29 | |FMG| TINCHO · wall_segment Palisade Wall x1 |
| 40:01 | |FMG| TINCHO · wall_segment Stone Wall x5 |
| 40:03 | |FMG| TINCHO · wall_segment Stone Wall x13 |
| 40:10 | |FMG| TINCHO · wall_segment Stone Wall x7 |
| 40:13 | |FMG| TINCHO · wall_segment Stone Wall x9 |
| 40:25 | [Mushu] el pepe · first_building Siege Workshop |
| 40:35 | FMG | GreatMaty · first_building Stable |
| 41:22 | FMG | GreatMaty · first_building Monastery |
| 42:26 | |FMG| TINCHO · tribute_sent a jugador 2 |
| 42:26 | |FMG| TINCHO · tribute_sent a jugador 3 |
| 42:26 | |FMG| TINCHO · tribute_sent a jugador 4 |
| 42:26 | |FMG| TINCHO · tribute_sent a jugador 5 |
| 42:26 | |FMG| TINCHO · tribute_sent a jugador 6 |
| 44:04 | FMG | GreatMaty · first_building Archery Range |
| 45:20 | [Mushu] Elgo Lazo · age_up imperial |
| 45:36 | |FMG| Nadie · first_building Stable |
| 45:44 | |FMG| Nadie · age_up imperial |
| 46:21 | FMG | GreatMaty · age_up imperial |
| 46:36 | |FMG| TINCHO · tribute_sent a jugador 2 |
| 46:36 | |FMG| TINCHO · tribute_sent a jugador 3 |
| 46:36 | |FMG| TINCHO · tribute_sent a jugador 4 |
| 46:36 | |FMG| TINCHO · tribute_sent a jugador 5 |
| 46:36 | |FMG| TINCHO · tribute_sent a jugador 6 |
| 46:54 | FMG | GreatMaty · first_building Castle |
| 50:53 | |FMG| Nadie · first_building Monastery |
| 51:21 | |FMG| TINCHO · tribute_sent a jugador 2 |
| 51:21 | |FMG| TINCHO · tribute_sent a jugador 3 |
| 51:21 | |FMG| TINCHO · tribute_sent a jugador 4 |
| 51:21 | |FMG| TINCHO · tribute_sent a jugador 5 |
| 51:21 | |FMG| TINCHO · tribute_sent a jugador 6 |
| 51:49 | [Mushu] el pepe · first_building Monastery |
| 53:39 | [Mushu] Elgo Lazo · resign |
[ AI ANALYSIS · 1 CREDIT ]
What really happened in this match?
Wolo.gg analyzes every decision: build order, eco, micro, common mistakes by bracket. Personalized analysis on WhatsApp or Discord in 30 seconds.
Civ guide
Japanese
Perfil
Jugador #9082593